Map: Abyssal Reef LE

Players

Railgan

  • Race: Zerg Zerg
  • League: Grandmaster
  • Spawn Location: 5:00

Lambo - Winner!

  • Race: Zerg Zerg
  • League: Grandmaster
  • Spawn Location: 11:00

VOD

Have the link to the VOD?

Description

Time

  • Played on: March 12, 2017, 6:23 p.m.
  • Length: 16:13
Show
View Real Time Build Order
Export as new Build Order

Railgan Zerg 

Build Orders: Hatch First, Lurkers 

Get SALT Encoding   

  12  0:01  Drone  
  13  0:12  Overlord  
  13  0:17  Drone  
  14  0:31  Drone  
  14  0:32  Drone  
  14  0:35  Drone  
  17  0:55  Drone  
  17  0:56  Hatchery  
  17  0:59  Drone  
  18  1:09  Extractor  
  17  1:14  Spawning Pool  
  17  1:17  Drone  
  17  1:20  Drone  
  18  1:28  Drone  
  19  1:38  Overlord  
  19  1:52  Drone  
  20  2:01  Queen  
  20  2:02  Zergling x2  
  20  2:07  Queen  
  25  2:08  Drone  
  25  2:12  Drone, Metabolic Boost  
  27  2:19  Drone  
  29  2:22  Drone  
  29  2:29  Drone  
  30  2:32  Baneling Nest  
  30  2:33  Drone  
  30  2:39  Queen  
  32  2:46  Queen  
  34  2:52  Drone  
  34  2:54  Drone  
  34  2:55  Overlord  
  35  2:58  Extractor  
  35  3:00  Zergling x2  
  35  3:06  Zergling x2  
  36  3:13  Overlord  
  36  3:14  Drone  
  36  3:15  Drone x2  
  36  3:17  Drone  
  40  3:23  Lair  
  40  3:26  Baneling  
  40  3:27  Drone  
  40  3:33  Zergling x2  
  42  3:35  Drone x3  
  45  3:44  Drone  
  45  3:45  Drone  
  46  3:50  Drone  
  46  3:51  Drone x2  
  46  3:52  Baneling x2  
  46  3:53  Extractor  
  48  4:03  Drone x3  
  51  4:15  Overlord  
  51  4:17  Overlord  
  51  4:19  Extractor  
  51  4:23  Hydralisk Den  
  49  4:28  Zergling x4  
  51  4:32  Overlord  
  51  4:35  Drone x3  
  51  4:36  Drone x2  
  56  4:40  Zergling x2  
  56  4:41  Zergling x4  
  56  4:44  Hatchery  
  58  4:51  Drone  
  58  4:52  Lurker Den  
  59  4:54  Hydralisk, Zergling x2  
  62  5:03  Zergling x8  
  64  5:08  Zergling x2  
  64  5:09  Zergling x4  
  67  5:16  Zergling x2  
  67  5:17  Zergling x2  
  69  5:23  Hydralisk  
  69  5:24  Hydralisk  
  72  5:40  Hydralisk  
  72  5:41  Hydralisk x2  
  74  5:43  Overlord  
  74  5:44  Overlord  
  74  5:50  Hydralisk, Overlord  
  76  5:59  Zergling x8  
  76  6:02  Overlord  
  80  6:12  Zergling x2  
  80  6:13  Hydralisk, Zergling x4  
  80  6:15  Zergling x10  
  90  6:20  Lurker x7  
  90  6:22  Unknown  
  97  6:27  Overlord  
  97  6:32  Hydralisk  
  95  6:34  Zergling x2  
  88  6:42  Hydralisk x2  
  88  6:43  Zergling x2  
  88  6:44  Zergling x4  
  88  6:45  Zergling x4  
  88  6:46  Zergling x2, Muscular Augments  
  87  7:01  Zergling x2  
  87  7:02  Zergling x6  
  87  7:05  Zergling x2  
  87  7:06  Zergling x12  
  96  7:17  Hydralisk x4  
  96  7:20  Zergling x2  
  96  7:22  Hydralisk  
  102  7:27  Hydralisk  
  102  7:28  Zergling x2  
  102  7:29  Zergling x2  
  102  7:36  Hydralisk  
  104  7:37  Overseer  
  104  7:38  Hydralisk  
  104  7:40  Lurker  
  107  7:51  Zergling x2  
  97  7:52  Zergling x2  
  97  7:53  Zergling x2  
  97  7:57  Drone x2  
  97  7:58  Drone x7  
  91  8:03  Unknown x2  
  88  8:06  Hydralisk  
  88  8:07  Zergling x2  
  88  8:08  Zergling x4  
  88  8:10  Lurker  
  94  8:14  Lurker  
  94  8:15  Lurker  
  94  8:19  Zergling x2  
  95  8:23  Hydralisk  
  95  8:25  Zergling x2  
  95  8:26  Zergling x2  
  99  8:30  Baneling x3  
  99  8:34  Drone x2  
  99  8:36  Extractor x2  
  99  8:41  Evolution Chamber  
  97  8:42  Evolution Chamber  
  97  8:45  Hydralisk x2  
  97  8:46  Drone  
  97  8:47  Drone  
  102  8:48  Drone  
  102  8:49  Lurker  
  102  8:50  Lurker  
  102  8:53  Drone x2  
  102  8:55  Drone x4  
  110  9:04  Spire  
  110  9:05  Zergling x4  
  111  9:14  Lurker  
  111  9:15  Drone  
  111  9:16  Drone  
  114  9:19  Zergling x8  
  116  9:25  Hydralisk  
  116  9:30  Zerg Missile Weapons Level 1  
  116  9:31  Zerg Ground Armor Level 1  
  114  9:43  Lurker  
  114  9:44  Lurker  
  116  9:47  Zergling x2  
  116  9:50  Lurker  
  116  9:52  Hatchery  
  117  9:59  Hydralisk  
  116  10:01  Zergling x2  
  112  10:14  Hydralisk  
  112  10:15  Hydralisk x2  
  112  10:16  Unknown x4  
  112  10:20  Drone  
  112  10:21  Drone x2  
  116  10:26  Mutalisk x4  
  121  10:32  Overlord x2  
  121  10:36  Overlord  
  121  10:38  Spine Crawler  
  121  10:41  Overlord  
  120  10:46  Overlord  
  120  10:47  Overlord x2  
  120  10:54  Mutalisk  
  120  10:55  Mutalisk x4  
  128  11:01  Zergling x2  
  128  11:02  Zergling x6  
  132  11:04  Mutalisk  
  132  11:09  Zerg Flyer Weapons Level 1  
  134  11:30  Drone x2  
  136  11:33  Hydralisk, Unknown x2  
  136  11:34  Hydralisk x3  
  136  11:35  Zergling x12  
  136  11:38  Drone  
  136  11:39  Drone x2  
  153  11:40  Zerg Missile Weapons Level 2, Zerg Melee Weapons Level 1  
  153  11:42  Zergling x4  
  153  11:47  Extractor  
  152  11:56  Extractor  
  152  12:01  Hatchery  
  145  12:02  Unknown x2  
  145  12:04  Zergling x4  
  145  12:05  Mutalisk x4  
  145  12:06  Mutalisk  
  145  12:16  Zergling x14  
  145  12:19  Zergling x2  
  152  12:28  Zergling x12  
  148  12:33  Infestation Pit  
  148  12:34  Drone x2  
  149  12:39  Corruptor x4  
  157  12:50  Lurker  
  157  12:51  Lurker  
  156  12:53  Zergling x2  
  156  12:54  Zergling x10  
  156  12:57  Zergling x2  
  163  12:59  Spore Crawler  
  162  13:22  Hive  
  162  13:23  Corruptor  
  164  13:29  Zergling x2  
  164  13:30  Zergling x2  
  166  13:35  Zerg Melee Weapons Level 2  
  166  13:37  Drone  
  166  13:38  Drone x2  
  166  13:40  Drone x4  
  166  13:41  Overlord  
  173  13:47  Lurker x5  
  173  13:48  Lurker x3  
  181  13:49  Extractor  
  181  13:50  Extractor  
  177  14:03  Zergling x6  
  177  14:08  Hydralisk x5  
  177  14:09  Hydralisk  
  150  14:12  Hydralisk  
  118  14:18  Zergling x4  
  118  14:20  Hydralisk  
  118  14:23  Zergling x2  
  116  14:26  Drone x3  
  116  14:28  Lurker x3  
  122  14:34  Corruptor  
  122  14:35  Corruptor  
  126  14:43  Drone  
  126  14:44  Drone x3  
  129  14:59  Corruptor x2  
  131  15:05  Zergling x2  
  132  15:15  Drone x4, Spore Crawler x2  
  132  15:16  Drone x3, Spore Crawler  
  132  15:18  Spore Crawler  
  132  15:19  Spore Crawler  
  132  15:20  Infestor x2  
  132  15:21  Spore Crawler  
  137  15:42  Hydralisk  
  137  15:46  Hydralisk x2  
  121  15:50  Unknown  
  121  15:51  Unknown x5  
  109  15:58  Unknown  
Show
View Real Time Build Order
Export as new Build Order

Lambo Zerg - Winner!

Build Orders: Hatch First 

Get SALT Encoding   

  12  0:00  Drone  
  13  0:12  Overlord  
  13  0:17  Drone  
  14  0:30  Drone x2  
  16  0:36  Drone  
  17  0:52  Hatchery  
  17  0:54  Drone  
  17  0:58  Drone  
  18  1:09  Extractor  
  17  1:13  Spawning Pool  
  17  1:16  Drone  
  17  1:19  Drone  
  18  1:28  Drone  
  19  1:39  Overlord  
  19  1:49  Drone  
  20  1:59  Queen  
  20  2:00  Zergling x2  
  23  2:03  Queen  
  23  2:04  Zergling x2  
  23  2:08  Metabolic Boost  
  26  2:11  Drone  
  26  2:14  Drone  
  28  2:21  Drone  
  29  2:25  Drone  
  30  2:32  Zergling x2  
  31  2:42  Hatchery  
  31  2:44  Drone  
  31  2:48  Overlord  
  31  2:53  Drone  
  32  3:00  Baneling Nest  
  32  3:01  Queen  
  32  3:06  Overlord  
  32  3:10  Drone  
  33  3:14  Drone x2  
  33  3:18  Drone  
  36  3:22  Drone x2  
  36  3:25  Drone  
  39  3:28  Drone  
  39  3:29  Drone  
  39  3:32  Drone  
  42  3:35  Drone  
  42  3:40  Evolution Chamber  
  42  3:41  Drone x2  
  42  3:45  Zergling x4  
  42  3:48  Drone  
  46  3:52  Drone  
  46  3:55  Extractor  
  46  3:58  Roach Warren, Drone x2  
  47  4:06  Overlord  
  47  4:09  Drone x2  
  49  4:11  Drone x3  
  51  4:17  Zerg Missile Weapons Level 1  
  51  4:19  Extractor, Lair  
  51  4:21  Overlord  
  50  4:28  Zergling x6  
  50  4:30  Drone x2  
  55  4:35  Overlord  
  55  4:36  Drone  
  55  4:37  Drone  
  57  4:42  Roach x2  
  61  4:46  Drone  
  61  4:47  Drone x3  
  61  4:49  Overlord  
  65  4:53  Overlord  
  64  5:00  Drone x5  
  64  5:02  Drone  
  64  5:06  Drone x2  
  71  5:08  Extractor  
  70  5:14  Overlord  
  70  5:18  Baneling  
  70  5:20  Roach x2  
  70  5:21  Roach x2  
  78  5:24  Glial Reconstitution  
  78  5:26  Drone x3  
  80  5:28  Overseer  
  80  5:31  Zergling x6  
  80  5:33  Roach x2  
  85  5:41  Roach x3  
  85  5:42  Roach  
  93  5:48  Evolution Chamber  
  96  5:50  Roach x2, Zergling x2  
  96  5:51  Baneling x2  
  96  5:59  Evolution Chamber  
  96  6:01  Roach x2  
  98  6:04  Overlord  
  98  6:08  Overlord  
  98  6:12  Zerg Missile Weapons Level 2  
  98  6:13  Overlord  
  98  6:18  Overlord  
  98  6:22  Extractor x2, Infestation Pit  
  98  6:24  Drone x3  
  98  6:29  Drone x3  
  98  6:32  Drone x3  
  104  6:33  Drone  
  102  6:41  Roach x2  
  102  6:44  Overseer, Pneumatized Carapace  
  106  6:48  Roach x2  
  106  6:53  Roach  
  106  6:54  Roach x4  
  120  6:58  Roach x2  
  117  7:05  Roach x2  
  121  7:15  Roach  
  121  7:20  Drone x2  
  108  7:25  Overlord  
  108  7:28  Overseer  
  108  7:29  Roach x3  
  114  7:38  Ravager  
  114  7:39  Ravager  
  114  7:43  Roach  
  114  7:52  Roach x5  
  114  7:53  Roach  
  114  7:55  Overseer  
  120  8:04  Overlord  
  116  8:08  Overlord  
  116  8:09  Overlord x2  
  116  8:10  Overlord x2  
  116  8:17  Overlord x2  
  116  8:25  Roach  
  116  8:26  Roach x3  
  121  8:28  Hive  
  121  8:31  Spine Crawler  
  121  8:32  Queen  
  122  8:35  Drone x7  
  122  8:38  Ravager x2  
  122  8:39  Ravager  
  122  8:40  Ravager  
  133  8:46  Zerg Ground Armor Level 1  
  133  8:47  Drone x3  
  130  8:57  Drone x5  
  130  9:02  Roach x2  
  139  9:03  Roach  
  139  9:06  Overseer  
  139  9:09  Ravager  
  142  9:11  Roach  
  142  9:12  Roach  
  146  9:20  Queen  
  145  9:31  Hatchery  
  142  9:42  Baneling x2  
  142  9:45  Viper  
  142  9:46  Overlord x3  
  142  9:49  Overlord x2  
  145  9:53  Overlord  
  145  9:54  Overlord  
  145  9:58  Overlord  
  145  10:01  Overseer  
  145  10:04  Viper x2  
  151  10:07  Viper  
  151  10:09  Evolution Chamber  
  151  10:10  Evolution Chamber, Roach  
  151  10:11  Roach x2  
  157  10:21  Roach x5  
  167  10:26  Roach  
  167  10:27  Roach x2  
  173  10:34  Overlord  
  173  10:39  Roach x4  
  173  10:40  Zerg Missile Weapons Level 3  
  181  10:45  Overlord  
  181  10:46  Roach x3  
  187  10:50  Hydralisk Den  
  186  11:07  Drone x8  
  186  11:09  Evolution Chamber  
  186  11:11  Evolution Chamber  
  192  11:13  Spore Crawler  
  192  11:14  Spore Crawler x2  
  192  11:15  Spore Crawler  
  192  11:16  Spore Crawler  
  192  11:17  Spore Crawler  
  188  11:18  Spore Crawler  
  188  11:24  Spore Crawler  
  180  11:27  Viper x2  
  180  11:30  Overseer  
  186  11:38  Drone x6  
  192  11:42  Drone x5  
  192  11:43  Drone  
  198  11:47  Hydralisk  
  198  12:08  Overlord  
  198  12:19  Overlord  
  198  12:27  Hydralisk  
  200  12:43  Spine Crawler x2  
  198  12:44  Spine Crawler  
  195  12:52  Hydralisk x2  
  195  12:57  Overseer  
  199  12:58  Spore Crawler  
  199  12:59  Overseer  
  198  13:09  Extractor  
  191  13:13  Hydralisk x3  
  191  13:14  Hydralisk x3, Extractor  
  191  13:16  Hydralisk  
  191  13:17  Hydralisk  
  196  13:20  Hydralisk x2  
  196  13:24  Zerg Ground Armor Level 2  
  200  13:27  Spine Crawler  
  200  13:29  Spine Crawler, Drone  
  200  13:30  Drone, Spine Crawler  
  200  13:31  Spine Crawler  
  198  13:36  Spine Crawler  
  198  13:39  Spine Crawler  
  198  13:40  Spine Crawler  
  195  13:42  Muscular Augments  
  195  13:44  Hydralisk x2  
  199  13:51  Spine Crawler  
  198  13:59  Hydralisk x2  
  199  14:09  Hydralisk x4  
  182  14:20  Viper x3  
  185  14:27  Drone x6  
  185  14:28  Drone x5, Evolution Chamber x2  
  185  14:29  Drone  
  185  14:30  Evolution Chamber  
  194  14:32  Spire  
  194  14:33  Hatchery  
  192  14:41  Spine Crawler  
  191  14:53  Overseer x3  
  191  14:55  Overseer  
  191  14:57  Spine Crawler  
  190  15:06  Drone x4  
  194  15:14  Overseer x2  
  194  15:15  Spine Crawler x2  
  194  15:16  Spine Crawler  
Tags
 
Add a new tag
Caveats
  • Supply blocks, unpowered buildings, or Contaminate may cause inaccurate times.
  • Supply counts are checked every 10 seconds.